 Dungeon Crawl Stone Soup version 0.28-a0-883-gc8d7bad45d (webtiles) character file.

Game seed: 3670834798993452129

136267 sanka the Severer (level 16, -7/145 HPs)
             Began as a Palentonga Abyssal Knight on Nov 20, 2021.
             Was the Champion of Lugonu.
             Mangled by a salamander (13 damage)
             ... on level 3 of the Snake Pit on Nov 21, 2021.
             The game lasted 01:14:19 (48915 turns).

sanka the Severer (Palentonga Abyssal Knight)      Turns: 48915, Time: 01:14:20

Health: -7/145     AC: 31    Str: 23    XL:     16   Next: 66%
Magic:  26/26      EV: 14    Int: 20    God:    Lugonu [******]
Gold:   1163       SH: 13    Dex: 23    Spells: 15/15 levels left

rFire   . . .      SeeInvis +   a - +8 broad axe of Honour {vorpal, rC- rCorr Int+4 Dex+4}
rCold   x . .      Faith    .   f - +2 buckler
rNeg    . . .      Spirit   .   S - +2 ring mail "Fumus" {Str+4}
rPois   .          Reflect  +   t - +0 helmet {Int+3}
rElec   .          Harm     .   O - +1 cloak
rCorr   +          Rampage  .   w - +0 pair of gloves
Will    +....                   U - +0 barding
Stlth   +.........              k - amulet of reflection
HPRegen 0.34/turn               C - +6 ring of dexterity
MPRegen 0.20/turn               h - +4 ring of protection

@: curled up
A: large, rugged brown scales 3, see invisible, deformed body, roll 1, armoured
tail, reflexive curl
a: Rolling Charge, Renounce Religion, Depart the Abyss, Bend Space, Banish,
Corrupt, Enter the Abyss, Brand Weapon With Distortion


You were on level 3 of the Snake Pit.
You worshipped Lugonu.
Lugonu was exalted by your worship.
You visited 4 branches of the dungeon, and saw 26 of its levels.
You visited the Abyss 1 time.
You also visited: Gauntlet.

You collected 2511 gold pieces.
You spent 1348 gold pieces at shops.


Innate Abilities, Weirdness & Mutations

You are completely covered in rugged brown scales. (AC +3, +7% HP)
You have supernaturally acute eyesight. (SInv)
Armour fits poorly on your strangely shaped body.
You can roll at nearby foes to attack.
You have a long armoured tail.
You curl defensively after being hit. (AC +7*)


   Skills:
 - Level 15.0 Fighting
 - Level 18.0 Axes
 + Level 9.7 Armour
 + Level 9.8 Dodging
 - Level 2.4 Shields
 - Level 14.0 Invocations


You had 15 spell levels left.
You didn't know any spells.
Your spell library contained the following spells:

 Spells                   Type           Power      Damage    Failure   Level
 Freeze                   Ice            0%         1d3       28%         1
 Magic Dart               Conj           0%         1d3       28%         1
 Pain                     Necr           0%         1d4       28%         1
 Call Imp                 Summ           0%         N/A       38%         2
 Searing Ray              Conj           0%         2d4       38%         2
 Static Discharge         Conj/Air       0%         N/A       38%         2
 Frozen Ramparts          Ice            0%         1d2       63%         3
 Ignite Poison            Fire/Tmut/Pois 0%         N/A       63%         3
 Mephitic Cloud           Conj/Pois/Air  0%         N/A       63%         3
 Ozocubu's Armour         Ice            0%         N/A       63%         3
 Tukima's Dance           Hex            0%         N/A       63%         3
 Fulminant Prism          Conj/Hex       0%         3d6       95%         4
 Hailstorm                Conj/Ice       0%         3d3       95%         4
 Ice Form                 Ice/Tmut       0%         N/A       95%         4
 Iskenderun's Mystic Bla  Conj/Tloc      0%         2d3       95%         4
 Passage of Golubria      Tloc           0%         N/A       95%         4
 Summon Ice Beast         Ice/Summ       0%         N/A       95%         4
 Agony                    Necr           0%         N/A       100%        5
 Excruciating Wounds      Necr           0%         N/A       100%        5
 Freezing Cloud           Conj/Ice/Air   0%         6-21      100%        5
 Lee's Rapid Deconstruct  Erth           0%         3d5*      100%        5
 Lightning Bolt           Conj/Air       0%         1d11      100%        5
 Metabolic Englaciation   Hex/Ice        0%         N/A       100%        5
 Silence                  Hex/Air        0%         N/A       100%        5
 Yara's Violent Unravell  Hex/Tmut       0%         3d3       100%        5
 Conjure Ball Lightning   Conj/Air       0%         3x3d6     100%        6
 Simulacrum               Ice/Necr       0%         N/A       100%        6
 Discord                  Hex            0%         N/A       100%        8
 Disjunction              Tloc           0%         N/A       100%        8
 Lehudib's Crystal Spear  Conj/Erth      0%         10d2      100%        8
 Maxwell's Capacitive Co  Air            0%         ∞         100%        8

Inventory:

Hand Weapons
 a - the +8 broad axe of Honour (weapon) {vorpal, rC- rCorr Int+4 Dex+4}

   It inflicts extra damage upon your enemies.
   Int:       It affects your intelligence (+4).
   Dex:       It affects your dexterity (+4).
   rC:        It makes you vulnerable to cold.
   rCorr:     It protects you from acid and corrosion.
 b - a +4 broad axe of flaming
Missiles
 y - 3 curare-tipped darts (quivered) {=f}
Armour
 f - a +2 buckler (worn)
 s - a +0 leather armour of cold resistance
 t - a +0 helmet of intelligence (worn)
 w - a +0 pair of gloves (worn)
 O - a +1 cloak (worn)
 S - the +2 ring mail "Fumus" (worn) {Str+4}

   Str:       It affects your strength (+4).
 U - a +0 barding (worn)
Magical Staves
 T - a staff of air
Jewellery
 h - a +4 ring of protection (right hand)
 k - an amulet of reflection (around neck)
 C - a +6 ring of dexterity (left hand)
 H - a ring of willpower
 Q - a ring of fire
Wands
 m - a wand of flame (34)
 F - a wand of digging (7)
 G - a wand of paralysis (12)
 J - a wand of acid (21)
 P - a wand of iceblast (15)
 W - a wand of polymorph (20)
Scrolls
 c - 2 scrolls of magic mapping
 d - 2 scrolls of silence {!r}
 i - 10 scrolls of teleportation {@r4}
 p - 5 scrolls of fear
 v - 2 scrolls of enchant armour
 z - 3 scrolls of blinking
 A - a scroll of summoning
 E - a scroll of torment {!r}
 N - 3 scrolls of fog
 V - 2 scrolls of enchant weapon
 Y - a scroll of acquirement
Potions
 e - a potion of haste {@q3}
 g - 3 potions of flight
 j - 4 potions of brilliance
 l - 6 potions of mutation {!q}
 n - a potion of berserk rage {unknown}
 o - 4 potions of lignification {!q}
 q - 7 potions of curing {@q1}
 r - 2 potions of might
 u - 2 potions of resistance {unknown}
 x - 2 potions of attraction {unknown}
 B - 4 potions of heal wounds {@q2}
 D - 2 potions of magic
 M - 2 potions of ambrosia {unknown}
 R - 3 potions of invisibility
 Z - 2 potions of cancellation
Miscellaneous
 I - a phantom mirror
 K - a phial of floods
 X - a lightning rod (4/4)

Dungeon Overview and Level Annotations

Branches:
Dungeon (15/15)            Temple (0/1) D:6            Lair (6/6) D:9
  Swamp (0/4) Lair:3        Snake (3/4) Lair:4        Slime (0/5) Lair:6
    Orc (2/2) D:10            Elf (0/3) Orc:2        Vaults (0/5) D:13
 Depths (0/4) D:15        Gauntlet (visited)

Altars:
Ashenzari
Elyvilon
Fedhas
Gozag
Kikubaaqudgha
Okawaru
Sif Muna
Trog
Vehumet
Zin
The Shining One
Beogh

Shops:
D:7 ?   Orc:2 (=[*   Snake:1 (   Snake:2 ?* Snake:3

! ▒▒.......▒ ..
▒....▒▒▒▒
..▒▒▒▒....▒▒▒▒▒
.......N........
..▒▒▒▒▒N▒▒▒▒▒▒▒▒ ▒▒▒
▒.▒ ▒▒..▒ ▒)▒
▒▒....▒▒▒▒N▒▒▒▒
▒.>...H.N.)...▒
........▒.▒▒▒..▒
........▒(▒▒▒..▒
[..........▒▒..▒
...........▒▒..▒
..........÷....▒
...............▒
...........▒▒..▒
.▒▒▒▒▒▒▒▒▒▒..▒▒▒▒▒▒▒


You could see a naga warrior (curare) and a salamander (strong).


Message History

You slash the salamander!
The salamander is heavily wounded.
The salamander hits you with a +0 halberd!!
* * * LOW HITPOINT WARNING * * *
You are engulfed in flames!
* * * LOW HITPOINT WARNING * * *
Unknown command.
You hit the salamander. You tail-slap the salamander!
The salamander is severely wounded.
The salamander completely misses you.
Unknown command.
You hit the salamander but do no damage.
The salamander is severely wounded.
The naga mage casts a spell.
The naga mage seems to speed up.
The naga warrior roars a battlecry!
Unknown command.
The salamander hits you from afar with a +0 halberd.
* * * LOW HITPOINT WARNING * * *
You are engulfed in flames!
* * * LOW HITPOINT WARNING * * *
Things that are here:
a +0 robe; a +0 club; a naga corpse
Found a scale mail.
There is a stone staircase leading up here.
The salamander hits you from afar with a +0 halberd!
* * * LOW HITPOINT WARNING * * *
You are engulfed in flames!
You die...

Action                   |  1- 3 |  4- 6 |  7- 9 | 10-12 | 13-15 | 16-18 || total
-------------------------+-------+-------+-------+-------+-------+-------++-------
Melee: Hand axe          |    62 |       |       |       |       |       ||    62
       Tailslap          |     6 |    13 |    48 |    99 |   240 |    90 ||   496
       Morningstar       |    21 |    31 |       |       |       |       ||    52
       War axe           |       |   118 |   269 |    85 |       |       ||   472
       Broad axe         |       |       |       |   381 |  1041 |   320 ||  1742
Throw: Dart              |       |     2 |       |       |       |       ||     2
Invok: Banish            |       |       |     6 |     9 |     8 |       ||    23
 Abil: Rolling Charge    |     1 |     3 |     7 |     7 |    17 |       ||    35
Evoke: Wand              |       |       |       |       |    11 |       ||    11
  Use: Scroll            |       |       |     8 |     6 |     9 |     3 ||    26
       Potion            |       |       |       |       |     1 |     1 ||     2
 Stab: Distracted        |       |       |       |     1 |       |       ||     1
       Sleeping          |       |       |       |     1 |     3 |       ||     4
Armor: Leather armour    |    33 |    58 |   135 |   106 |    77 |       ||   409
       Robe              |       |       |       |       |    75 |       ||    75
       Ring mail         |       |       |       |       |    97 |    74 ||   171
Dodge: Dodged            |    37 |    85 |   134 |   124 |   313 |    75 ||   768
Block: Buckler           |       |       |     1 |   185 |   435 |   154 ||   775
       Reflection        |       |       |       |       |    18 |    18 ||    36

Levels and vault maps discovered:
D:1:      dpeg_arrival_subterranean_lakeside_camping, layout_basic
D:2:      layout_loops_corners, basic_ecumenical_altar, nrook_loot_triangle,
          minmay_misc_feat_chi, uniq_natasha
D:3:      layout_basic, zin_statuary, minmay_statues_item, uniq_robin,
          uniq_crazy_yiuf_cottage
D:4:      layout_basic, mainiacjoe_overflow_concentric_impassable,
          corner_web_ring, minmay_misc_feat_x
D:5:      layout_gridville
D:6:      layout_rooms, mainiacjoe_overflow_tiny_flanked, minitemple,
          temple_green, st_stairs_9
D:7:      layout_basic, serial_shops, shop
D:8:      layout_loops_ring, mainiacjoe_overflow_alcove_2, elyvilon_altar_5,
          minmay_misc_feat_nine_boxes, nrook_campfire
D:9:      layout_basic, vehumet_altar_wand_db, mainiacjoe_overflow_catwalk,
          mainiacjoe_overflow_six_doors_small, due_lair_maze_entry_diamond,
          minmay_ruffians
D:10:     layout_gridville, lemuel_tele_altar, zombieorc2_lemuel, uniq_josephine
D:11:     layout_roguey
D:12:     layout_rooms
D:13:     layout_basic, david_vaults_2, serial_corexii_hall,
          corexii_hall_statues_x, corexii_hall_statues_i,
          corexii_hall_statues_x, corexii_hall_statues_l,
          gauntlet_entry_generic, uniq_frances, uniq_urug
D:14:     layout_irregular_city, minmay_holes
D:15:     hangedman_depths_entry_try_elsewhere_first, layout_loops_ring,
          hangedman_abyss_or_decor_lesser_grid
Lair:1:   layout_misc_corridors, serial_bayou_shore_b, lemuel_fruit_fields,
          grunt_megastairs_3
Lair:2:   layout_concentric_octagons, nicolae_lair_run_with_the_wolves,
          infiniplex_staircase_pool_2, grunt_megastairs_4
Lair:3:   layout_hall_layers, nicolae_swamp_entry_splash_gauntlet,
          beast_lair_carwin_1
Lair:4:   layout_gridlike, minmay_snake_entry_six_corridors,
          grunt_forest_stairs_basic, uniq_nessos
Lair:5:   layout_cave_pods
Lair:6:   cheibrodos_lair_end_hotspot, layout_regular_city, slime_dummy
Snake:1:  layout_concentric_octagons, serial_shops, shop,
          nrook_guardian_serpent_double
Snake:2:  layout_layer_cave, serial_shops, shop_statue, shop,
          grunt_ministairs_5, uniq_saint_roka
Snake:3:  layout_gridlike, serial_shops, shop, gammafunk_ghost_cemetery,
          drop_trap, nicolae_snake_dead_anacondas
Orc:1:    layout_diamond_mine
Orc:2:    grunt_orc_gardens, layout_diamond_mine, grunt_orc_garden,
          grunt_orc_garden, grunt_orc_garden, grunt_orc_garden, basic_altar

Notes
Turn   | Place    | Note
-------+----------+-------------------------------------------
     0 | Abyss:1  | sanka the Palentonga Abyssal Knight began the quest for the
                  | Orb.
     0 | Abyss:1  | Reached XP level 1. HP: 19/19 MP: 2/2
     5 | Abyss:1  | Noticed a lich
     5 | D:1      | Escaped the Abyss
   110 | D:1      | Reached XP level 2. HP: 6/25 MP: 3/3
   411 | D:1      | Reached skill level 3 in Axes
   496 | D:1      | Reached ** piety under Lugonu
   759 | D:1      | Reached XP level 3. HP: 31/31 MP: 4/4
  1505 | D:2      | Noticed Natasha
  1508 | D:2      | Killed Natasha
  1509 | D:2      | Reached skill level 4 in Axes
  1638 | D:2      | Reached XP level 4. HP: 30/37 MP: 5/5
  1845 | D:2      | Found a faded altar of an unknown god.
  2706 | D:2      | Found a faded altar of an unknown god.
  2902 | D:2      | Noticed Natasha
  2911 | D:2      | Killed Natasha
  3583 | D:2      | Noticed Natasha
  3585 | D:2      | Found a faded altar of an unknown god.
  3590 | D:2      | Killed Natasha
  4000 | D:3      | Found a glowing silver altar of Zin.
  4044 | D:3      | Noticed Robin
  4080 | D:2      | Reached skill level 3 in Invocations
  4317 | D:3      | Reached XP level 5. HP: 42/43 MP: 7/7
  4320 | D:3      | Killed Robin
  4700 | D:3      | Reached *** piety under Lugonu
  5067 | D:3      | Found a runed translucent door.
  5068 | D:3      | Noticed Crazy Yiuf
  5303 | D:4      | Found an ancient bone altar of Kikubaaqudgha.
  5325 | D:4      | Noticed a phantom
  5338 | D:4      | Killed a phantom
  5339 | D:4      | Reached skill level 4 in Fighting
  5539 | D:4      | Reached XP level 6. HP: 48/51 MP: 8/8
  5901 | D:5      | Entered Level 5 of the Dungeon
  5931 | D:5      | Reached skill level 4 in Invocations
  6224 | D:5      | Noticed a sky beast
  6301 | D:5      | Reached skill level 5 in Invocations
  6507 | D:5      | Reached skill level 6 in Invocations
  6507 | D:5      | Gained mutation: You curl defensively after being hit. (AC
                  | +7*) [Palentonga growth]
  6507 | D:5      | Reached XP level 7. HP: 42/57 MP: 11/11
  6958 | D:5      | Reached skill level 5 in Axes
  7250 | D:6      | Identified the +1 triple crossbow of Amortisation {penet,
                  | SInv}
  7257 | D:6      | Reached skill level 5 in Fighting
  7342 | D:6      | Reached skill level 7 in Invocations
  7342 | D:6      | Reached XP level 8. HP: 38/66 MP: 13/13
  7364 | D:6      | Reached skill level 6 in Axes
  7673 | D:6      | Found a glowing golden altar of the Shining One.
  7880 | D:6      | Reached skill level 6 in Fighting
  8002 | D:6      | Reached skill level 8 in Invocations
  8242 | D:6      | Found a staircase to the Ecumenical Temple.
  8320 | D:6      | Found a blossoming altar of Fedhas.
  8325 | D:6      | Found a shimmering blue altar of Sif Muna.
  8699 | D:7      | Found Itowk's Magic Scroll Shop.
  8958 | D:7      | Reached skill level 7 in Fighting
  8958 | D:7      | Reached skill level 7 in Axes
  9107 | D:7      | Reached XP level 9. HP: 70/77 MP: 15/15
 10174 | D:8      | Reached skill level 8 in Fighting
 10209 | D:8      | Reached skill level 8 in Axes
 10722 | D:8      | Found a white marble altar of Elyvilon.
 10746 | D:8      | Found an iron altar of Okawaru.
 10984 | D:8      | Reached **** piety under Lugonu
 11157 | D:8      | Noticed a two-headed ogre
 11159 | D:8      | Banished a two-headed ogre
 11160 | D:8      | Reached skill level 9 in Fighting
 11160 | D:8      | Reached skill level 9 in Axes
 11884 | D:9      | Found a radiant altar of Vehumet.
 12402 | D:9      | Reached skill level 1 in Shields
 12402 | D:9      | Reached XP level 10. HP: 69/88 MP: 16/16
 12834 | D:9      | Reached skill level 2 in Shields
 13597 | D:9      | Reached skill level 10 in Fighting
 13597 | D:9      | Reached skill level 10 in Axes
 13659 | D:9      | Found a staircase to the Lair.
 13735 | D:7      | Bought a scroll of acquirement for 520 gold pieces
 13735 | D:7      | Acquired the +8 broad axe of Honour {vorpal, rC- rCorr
                  | Int+4 Dex+4}
 13837 | D:9      | Found a broken altar of Ashenzari.
 14196 | D:9      | Reached skill level 9 in Invocations
 14490 | D:9      | Found an opulent altar of Gozag.
 14503 | D:9      | Noticed a two-headed ogre
 14504 | D:9      | Banished a two-headed ogre
 14505 | D:9      | Reached skill level 11 in Axes
 14957 | D:10     | Entered Level 10 of the Dungeon
 14984 | D:10     | Reached XP level 11. HP: 60/96 MP: 18/18
 15244 | D:10     | Found a staircase to the Orcish Mines.
 15247 | D:10     | Noticed a two-headed ogre
 15427 | D:10     | Killed a two-headed ogre
 15428 | D:10     | Reached skill level 10 in Invocations
 15503 | D:10     | Found a bloodstained altar of Trog.
 15799 | D:10     | Reached ***** piety under Lugonu
 16078 | D:10     | Noticed Josephine
 16095 | D:10     | Killed Josephine
 16628 | D:9      | Found a broken altar of Ashenzari.
 16670 | D:9      | Found a staircase to the Lair.
 16677 | D:9      | Found an opulent altar of Gozag.
 17859 | D:11     | Reached skill level 12 in Axes
 17947 | D:11     | Reached skill level 11 in Invocations
 18064 | D:11     | Noticed a two-headed ogre
 18073 | D:11     | Killed a two-headed ogre
 18496 | D:11     | Noticed a two-headed ogre
 18500 | D:11     | Killed a two-headed ogre
 18660 | D:11     | Reached skill level 12 in Invocations
 19174 | D:11     | Reached skill level 13 in Axes
 19189 | D:11     | Reached XP level 12. HP: 67/103 MP: 21/21
 19446 | Lair:1   | Entered Level 1 of the Lair of Beasts
 19559 | Lair:1   | Noticed a five-headed hydra
 19563 | Lair:1   | Banished a five-headed hydra
 20208 | Lair:2   | Reached skill level 14 in Axes
 20775 | Lair:2   | Reached skill level 15 in Axes
 22191 | Lair:3   | Noticed a death yak
 22386 | Lair:3   | Reached skill level 16 in Axes
 22394 | Lair:3   | Noticed a seven-headed hydra
 22404 | Lair:3   | Banished a seven-headed hydra
 22404 | Lair:3   | HP: 5/103 [komodo dragon (20)]
 22849 | Lair:3   | Noticed a death yak
 22858 | Lair:3   | Noticed a death yak
 22858 | Lair:3   | Noticed a death yak
 22870 | Lair:2   | Killed a death yak
 23092 | Lair:3   | Noticed a death yak
 23149 | Lair:1   | Killed a death yak
 23160 | Lair:1   | Killed a death yak
 23161 | Lair:1   | Reached XP level 13. HP: 87/110 MP: 22/22
 23595 | Lair:3   | Reached skill level 17 in Axes
 24904 | Lair:3   | Found a staircase to the Swamp.
 25336 | D:3      | Killed Crazy Yiuf
 25862 | Lair:4   | Noticed Nessos
 25896 | Lair:4   | Killed Nessos
 25916 | Lair:4   | Reached skill level 18 in Axes
 25916 | Lair:4   | Reached skill level 1 in Dodging
 26065 | Lair:4   | HP: 11/110 [poisoned by a black mamba]
 26155 | Lair:4   | Reached skill level 2 in Armour
 26165 | Lair:4   | Reached skill level 2 in Dodging
 26911 | Lair:4   | Reached skill level 3 in Armour
 26951 | Lair:4   | Reached skill level 3 in Dodging
 27032 | Lair:4   | Found a staircase to the Snake Pit.
 27807 | Lair:5   | Reached skill level 4 in Armour
 27813 | Lair:5   | Reached skill level 4 in Dodging
 27998 | Lair:5   | Reached ****** piety under Lugonu
 28895 | Lair:6   | Entered Level 6 of the Lair of Beasts
 29011 | Lair:6   | Reached skill level 5 in Armour
 29038 | Lair:6   | Reached skill level 5 in Dodging
 29038 | Lair:6   | Reached XP level 14. HP: 87/117 MP: 23/23
 29494 | Lair:6   | Identified the +1 robe of Xuss {+Blink}
 29843 | Lair:6   | Reached skill level 6 in Armour
 29845 | Lair:6   | Reached skill level 6 in Dodging
 30634 | Lair:6   | Found a staircase to the Slime Pits.
 30867 | Lair:6   | Reached skill level 7 in Armour
 30872 | Lair:6   | Reached skill level 7 in Dodging
 31135 | Lair:6   | Identified +0 steam dragon scales
 31185 | Lair:6   | Identified +0 steam dragon scales
 31798 | Lair:6   | Found a large runed translucent door.
 31799 | Lair:6   | Found a large runed translucent door.
 32234 | Lair:6   | Identified the +2 robe of the Good {*Slow Regen+ Int+8
                  | Dex-3}
 32546 | Orc:1    | Entered Level 1 of the Orcish Mines
 33170 | Orc:2    | Entered Level 2 of the Orcish Mines
 33308 | Orc:1    | Reached skill level 8 in Armour
 33431 | Orc:2    | Found Cunetsov's Jewellery Emporium.
 33433 | Orc:2    | Reached skill level 8 in Dodging
 33593 | Orc:2    | Found Wafraf's Antique Armour Boutique.
 33819 | Orc:2    | Found Ikonn's General Store.
 33876 | Orc:2    | Noticed an orc warlord
 33880 | Orc:2    | Noticed an orc warlord
 33943 | Orc:2    | Banished an orc warlord
 33952 | Orc:2    | Killed an orc warlord
 34030 | Orc:2    | Reached XP level 15. HP: 98/125 MP: 24/24
 34197 | Orc:2    | Found Qeulun's Antique Weapon Emporium.
 34621 | Orc:2    | Found a staircase to the Elven Halls.
 35074 | Orc:2    | Bought a +4 ring of protection for 504 gold pieces
 35091 | Orc:2    | Bought an embroidered cloak for 180 gold pieces
 35268 | D:11     | Reached skill level 11 in Fighting
 35517 | D:11     | Reached skill level 13 in Invocations
 36094 | D:12     | Identified +0 acid dragon scales
 36530 | D:13     | Noticed Frances
 36612 | D:13     | Found a gate to the Vaults.
 36676 | D:13     | Found a gate leading to a gauntlet.
 36730 | Gauntlet | Entered a Gauntlet
 36730 | Gauntlet | Found a transporter.
 36730 | Gauntlet | Found a transporter.
 36853 | Gauntlet | Found a transporter.
 36856 | Gauntlet | Found a transporter.
 36864 | Gauntlet | Found a transporter.
 36868 | Gauntlet | Found a transporter.
 36876 | Gauntlet | Found a transporter.
 36892 | Gauntlet | Found a transporter.
 36906 | Gauntlet | Found a transporter.
 36910 | Gauntlet | Found a transporter.
 36912 | Gauntlet | Found a runed translucent door.
 36914 | Gauntlet | Found a runed translucent door.
 36918 | Gauntlet | Found a transporter.
 36922 | Gauntlet | Found a transporter.
 37537 | Gauntlet | Identified the +1 robe of the Evening {rPois Will+}
 37547 | Gauntlet | Identified the +2 ring mail "Fumus" {Str+4}
 37847 | D:13     | Reached skill level 12 in Fighting
 37848 | D:13     | Noticed Urug
 37854 | D:13     | Killed Urug
 37855 | D:13     | Reached skill level 14 in Invocations
 38774 | D:13     | Killed Frances
 39301 | D:14     | Reached skill level 13 in Fighting
 39944 | D:15     | Entered Level 15 of the Dungeon
 40483 | D:15     | Reached skill level 14 in Fighting
 40962 | D:15     | Found a staircase to the Depths.
 41173 | D:15     | Upgraded the game from 0.28-a0-872-g80cf8599ee to
                  | 0.28-a0-883-gc8d7bad45d
 41406 | Snake:1  | Entered Level 1 of the Snake Pit
 41601 | Snake:1  | Reached XP level 16. HP: 136/143 MP: 26/26
 42394 | Snake:1  | Found Puurio's Antique Weapon Boutique.
 42406 | Snake:1  | Reached skill level 15 in Fighting
 45051 | Snake:1  | Found Puurio's Antique Weapon Boutique.
 45726 | Snake:2  | Reached skill level 9 in Armour
 45726 | Snake:2  | Reached skill level 9 in Dodging
 45985 | Snake:2  | Found Hefalo's Assorted Antiques.
 46362 | Snake:2  | Noticed Saint Roka
 46393 | Snake:2  | Killed Saint Roka
 46414 | Snake:2  | HP: 14/145 [poisoned by a naga ritualist (toxic radiance)]
 47276 | Snake:2  | Found Otsoechu's Magic Scroll Shoppe.
 47538 | Snake:2  | Identified +0 swamp dragon scales
 48831 | Snake:3  | Found Qaqitidd's Distillery.
 48863 | Snake:3  | Bought a potion of cancellation for 144 gold pieces
 48910 | Snake:3  | HP: 12/145 [salamander (15)]
 48915 | Snake:3  | HP: 6/145 [salamander (8)]
 48915 | Snake:3  | Mangled by a salamander

Vanquished Creatures
  Saint Roka (Snake:2)
  Frances (D:13)
  A nagaraja (Snake:3)
  An orc warlord (Orc:2)
  Nessos (Lair:4)
  A minotaur (Gauntlet)
  A dire elephant (D:15)
  Josephine (D:10)
  A fire dragon (Lair:6)
  4 boulder beetles
  4 naga warriors
  3 hydras
  4 centaur warriors
  5 anacondas
  13 death yaks
  7 two-headed ogres
  A death knight (D:11)
  4 tengu warriors
  4 orc high priests
  A naga sharpshooter (Snake:2)
  Urug (D:13)
  6 shock serpents
  A soul eater (Gauntlet)
  A fire crab (Lair:6)
  A salamander mystic (Snake:3)
  A skeletal warrior (D:11)
  3 bog bodies (Lair:3)
  A wizard (D:14)
  2 orc knights
  A phantasmal warrior (D:12)
  4 naga ritualists
  8 mana vipers
  15 ugly things
  6 orc sorcerers
  A wolf spider (D:15)
  A salamander (shapeshifter) (D:13)
  6 cyclopes
  4 salamanders
  27 black mambas
  4 guardian serpents (Snake:1)
  10 naga magi
  2 torpor snails
  2 molten gargoyles (Lair:6)
  2 kobold demonologists (D:14)
  6 cane toads
  3 rime drakes
  18 komodo dragons
  2 unseen horrors
  2 freezing wraiths
  A yaktaur (shapeshifter) (D:13)
  2 tengu conjurers
  A polar bear (Lair:5)
  3 meliai (D:15)
  4 trolls
  29 blink frogs
  10 slime creatures
  4 dream sheep (Lair:6)
  A slime creature (shapeshifter) (D:13)
  A meliai zombie (D:11)
  62 yaks
  7 shadows
  A water elemental (D:13)
  5 wraiths
  6 wyverns
  8 basilisks
  2 steam dragons (Lair:6)
  6 humans (D:9)
  9 vampire mosquitoes
  12 nagas
  An acid dragon (D:12)
  4 wargs (Orc:2)
  23 water moccasins
  4 hell hounds (Lair:6)
  A meliai simulacrum (D:14)
  An ice beast (D:6)
  5 black bears
  2 sky beasts (D:5)
  A hornet zombie (D:6)
  30 orc warriors
  22 wolves
  16 centaurs
  3 ogres
  4 phantoms
  3 kobold brigands
  A gnoll sergeant (D:8)
  11 bullfrogs
  A scorpion (D:7)
  A water moccasin skeleton (D:6)
  2 troll zombies (D:10)
  5 killer bees (D:10)
  4 howler monkeys
  5 lava snakes (Lair:6)
  7 electric eels
  6 centaur zombies
  3 hounds
  A gnoll shaman (D:6)
  12 orc priests
  Crazy Yiuf (D:3)
  A jelly (D:7)
  A bullfrog skeleton (D:7)
  Natasha (thrice) (D:2)
  3 iguanas
  24 orc wizards
  6 hell rats (Lair:5)
  6 ogre zombies (D:10)
  A hound skeleton (D:4)
  Robin (D:3)
  4 gnolls (D:8)
  2 adders
  4 shadow imps
  2 white imps
  6 dart slugs
  53 orcs
  6 bats
  2 endoplasms
  5 giant cockroaches
  17 goblins
  7 hobgoblins
  19 kobolds
  4 quokkas
  2 frilled lizards
  3 goblin skeletons (D:10)
  A goblin zombie (D:10)
  3 hobgoblin skeletons (D:10)
  A hobgoblin zombie (D:10)
  9 orc skeletons (D:10)
  8 orc zombies (D:10)
  9 rats
767 creatures vanquished.

Vanquished Creatures (others)
  An orc warrior (Snake:2)
  A bush (Lair:6)
  78 fungi
  88 plants
  A withered plant (Gauntlet)
169 creatures vanquished.

Grand Total: 936 creatures vanquished
